 Dungeon Sprint DCSS version 0.18.1-47-g9310371 (webtiles) character file.

16971 protoss039 the Peltast (level 12, -5/124 HPs)
             Began as a Minotaur Fighter on June 13, 2016.
             Was the Champion of Okawaru.
             Slain by an orc knight
             ... wielding a +0 war axe
              (22 damage)
             ... in the Dungeon (Sprint VII: "The Pits").
             The game lasted 00:19:54 (2636 turns).

protoss039 the Peltast (Minotaur Fighter)           Turns: 2636, Time: 00:19:56

Health: -5/124     AC: 25    Str: 44    XL:     12   Next: 14%
Magic:  2/4        EV: 16    Int: 10    God:    Okawaru [******]
Gold:   32         SH: 19    Dex:  6    Spells: 0 memorised, 11 levels left

rFire  + . .     SeeInvis .     x - +1 broad axe (chop)
rCold  . . .     Gourm    .     g - +0 plate armour {rF+}
rNeg   . . .     Faith    .     c - +0 shield
rPois  +         Spirit   .     (helmet restricted)
rElec  .         Dismiss  .     y - +0 cloak
rCorr  .         Reflect  .     z - +0 pair of gloves
SustAt .         Harm     .     J - +0 pair of boots of the Forsaken Souls {rPois MP-9 Str+7 Dex-5}
MR     +....     NoTele   +     (no amulet)
Stlth  ..........               H - ring of the Hero {EV+2 Str+5 Dex+4}
                                F - ring of protection from magic

@: mighty, brilliant, heroism, drained, somewhat resistant to hostile
enchantments, extremely unstealthy
A: retaliatory headbutt, horns 2, rugged brown scales 1, clumsy 1, low mp 1,
regeneration 1
a: Heroism, Finesse, Renounce Religion


You were in the Dungeon.
You worshipped Okawaru.
Okawaru was exalted by your worship.
You were hungry.

You visited 1 branch You collected 32 gold pieces.

Inventory:

Hand Weapons
 o - a +2 hand axe of freezing
 x - a +1 broad axe of chopping (weapon)
Missiles
 r - 3 curare-tipped needles (quivered)
 w - 5 steel javelins
 K - 9 javelins of returning
Armour
 c - a +0 shield (worn)
 g - a +0 plate armour of fire resistance (worn)
 y - a +0 cloak (worn)
 z - a +0 pair of gloves (worn)
 J - the +0 pair of boots of the Forsaken Souls (worn) {rPois MP-9 Str+7 Dex-5}
   (Okawaru gifted it to you in the Dungeon)

   It affects your strength (+7).
   It affects your dexterity (-5).
   It protects you from poison.
   It affects your magic capacity (-9).
Jewellery
 u - a +3 ring of strength
 F - a ring of protection from magic (left hand)
 H - the ring of the Hero (right hand) {EV+2 Str+5 Dex+4}
   (You found it in the Dungeon)

   [ring of evasion]

   It affects your evasion (+2).
   It affects your strength (+5).
   It affects your dexterity (+4).
 I - an uncursed ring of fire
Scrolls
 d - 3 scrolls of identify
 k - 3 scrolls of blinking
 m - 3 scrolls of remove curse
 q - a scroll of fog
 B - 4 scrolls of enchant armour
 C - a scroll of recharging
 G - a scroll of enchant weapon
Potions
 e - 7 potions of curing
 h - 2 potions of haste
 i - 4 potions of magic
 j - a potion of berserk rage
 l - a potion of invisibility
 s - 3 potions of brilliance
 t - 3 potions of cure mutation
 v - a potion of agility
 E - a potion of lignification
Comestibles
 a - 40 fruits
 b - 7 meat rations
 f - 8 bread rations
 p - 5 chunks of flesh
 D - a slice of pizza


   Skills:
 + Level 15.2(20.1) Fighting
 + Level 15.1(20.0) Axes
 + Level 15.0(19.9) Armour
 + Level 14.1(19.0) Dodging
 + Level 4.0(8.9) Stealth
 + Level 18.7(23.6) Shields
 + Level 5.8(5.7) Invocations


You had 11 spell levels left.
You didn't know any spells.

Dungeon Overview and Level Annotations

Branches:
Dungeon (1/1)

Altars:
Ashenzari
Cheibriados
Dithmenos
Elyvilon
Fedhas
Gozag
Kikubaaqudgha
Makhleb
Nemelex Xobeh
Okawaru
Pakellas
Qazlal
Ru
Sif Muna
Trog
Vehumet
Xom
Yredelemnul
Zin
The Shining One
Beogh
Jiyva
Lugonu

Annotations:
D Sonja


Innate Abilities, Weirdness & Mutations

You reflexively headbutt those who attack you in melee.
You have a pair of horns on your head.
You are partially covered in rugged brown scales (AC +1, +3% HP).
You are clumsy. (Dex -2)
Your magical capacity is low (-10% MP).
Your natural rate of healing is unusually fast.


Message History

* * * LOW HITPOINT WARNING * * *
You block the orc knight's attack.
The orc knight hits you with a broad axe!!
* * * LOW HITPOINT WARNING * * *
You are too injured to fight recklessly!
Unknown command.
You are too injured to fight recklessly!
Unknown command.
You are too injured to fight recklessly!
Unknown command.
Unknown command.
Drink which item? (? for menu, Esc to quit)
You feel better.
You block the spriggan defender's attack.
The orc warlord roars a battlecry!
The orc knight goes into a battle-frenzy!
You block the orc warlord's attack. You block the orc knight's attack.
The spriggan defender misses you.
The orc knight hits you with a war axe!!
You die...

+###########################
.)).................†.......
..÷.........................
.##############i'###########
.# #...o@o..# )# #...o)o..#
.# ####..#### .# .... .#
..... .# ....... .# ####..##
.# #### .#


You could see an orc warlord, 3 orc knights and a spriggan defender.

Vanquished Creatures
  Ilsuiw (D)
  An orc warlord (D)
  A merfolk javelineer (D)
  3 hydras (D)
  An orc sorcerer (D)
  6 orc knights (D)
  A deep elf mage (D)
  A hornet (D)
  A wolf spider (D)
  5 elephants (D)
  A siren (D)
  An orange demon (D)
  A komodo dragon (D)
  2 red devils (D)
  A merfolk (D)
  A two-headed ogre (D)
  A giant leech (D)
  2 bog bodies (D)
  A wandering mushroom (D)
  A snapping turtle (D)
  A spriggan (D)
  2 water elementals (D)
  A fire bat (D)
  4 yaks (D)
  2 mottled dragons (D)
  A swamp drake (D)
  3 orc warriors (D)
  An ice beast (D)
  An eye of draining (D)
  A sky beast (D)
  A wasp (D)
  3 wolves (D)
  6 killer bees (D)
  A jelly (D)
  A hound (D)
  An orc priest (D)
  2 iguanas (D)
  An iron imp (D)
  2 orc wizards (D)
  An adder (D)
  2 ufetubi (D)
  4 oozes (D)
  2 adder zombies (D)
  2 giant geckos (D)
  6 orcs (D)
  A bat (D)
  A bat skeleton (D)
  A bat zombie (D)
  A giant cockroach (D)
  A hobgoblin (D)
  2 quokkas (D)
  A jackal skeleton (D)
  A kobold (D)
  A rat (D)
95 creatures vanquished.

Vanquished Creatures (collateral kills)
  A siren (D)
  A gargoyle (D)
  A scorpion (D)
3 creatures vanquished.

Grand Total: 98 creatures vanquished

Notes
Turn   | Place    | Note
--------------------------------------------------------------
     0 | D        | protoss039 the Minotaur Fighter began the quest for the Orb.
     0 | D        | Reached XP level 1. HP: 19/19 MP: 0/0
    38 | D        | Reached skill level 4 in Shields
    42 | D        | Reached XP level 2. HP: 23/28 MP: 1/1
    98 | D        | Reached skill level 5 in Fighting
    98 | D        | Reached skill level 5 in Armour
   101 | D        | Reached skill level 5 in Shields
   110 | D        | Reached XP level 3. HP: 30/36 MP: 2/2
   212 | D        | Reached skill level 1 in Dodging
   212 | D        | Reached skill level 6 in Shields
   212 | D        | Reached XP level 4. HP: 33/45 MP: 3/3
   232 | D        | Reached skill level 7 in Shields
   232 | D        | Reached XP level 5. HP: 25/53 MP: 4/4
   474 | D        | Found a sacrificial altar of Ru.
   474 | D        | Found a shadowy altar of Dithmenos.
   474 | D        | Found a bloodstained altar of Trog.
   474 | D        | Found a deep blue altar of Sif Muna.
   474 | D        | Found a shimmering altar of Xom.
   474 | D        | Found a sparkling altar of Nemelex Xobeh.
   474 | D        | Found a corrupted altar of Lugonu.
   474 | D        | Found a viscous altar of Jiyva.
   475 | D        | Found a basalt altar of Yredelemnul.
   475 | D        | Found a glowing golden altar of the Shining One.
   475 | D        | Found a shattered altar of Ashenzari.
   475 | D        | Found a white marble altar of Elyvilon.
   475 | D        | Found a snail-covered altar of Cheibriados.
   475 | D        | Found a blossoming altar of Fedhas.
   475 | D        | Found a radiant altar of Vehumet.
   475 | D        | Found a burning altar of Makhleb.
   475 | D        | Found an ancient bone altar of Kikubaaqudgha.
   475 | D        | Found a glowing silver altar of Zin.
   475 | D        | Found a roughly hewn altar of Beogh.
   475 | D        | Found an iron altar of Okawaru.
   476 | D        | Found an oddly glowing altar of Pakellas.
   479 | D        | Found a stormy altar of Qazlal.
   480 | D        | Found an opulent altar of Gozag.
   484 | D        | Became a worshipper of Warmaster Okawaru
   527 | D        | Noticed Sonja
   623 | D        | Noticed a siren
   623 | D        | Noticed a gargoyle
   642 | D        | Killed a gargoyle
   642 | D        | Reached skill level 5 in Dodging
   642 | D        | Reached skill level 1 in Stealth
   642 | D        | Reached skill level 8 in Shields
   642 | D        | Reached XP level 6. HP: 62/62 MP: 5/5
   647 | D        | Killed a siren
   647 | D        | Reached skill level 5 in Axes
   647 | D        | Reached skill level 10 in Armour
   647 | D        | Reached skill level 9 in Shields
   647 | D        | Reached XP level 7. HP: 67/70 MP: 6/6
   671 | D        | Reached skill level 10 in Shields
   963 | D        | Noticed a fire bat
   964 | D        | Noticed a spriggan
   968 | D        | Killed a fire bat
   973 | D        | Noticed a seven-headed hydra
   973 | D        | Killed a spriggan
   973 | D        | Reached * piety under Okawaru
   973 | D        | Reached XP level 8. HP: 32/78 MP: 7/7
   984 | D        | Reached skill level 11 in Shields
   989 | D        | Killed a 14-headed hydra
   989 | D        | Reached ** piety under Okawaru
   989 | D        | Reached skill level 10 in Fighting
   989 | D        | Reached skill level 10 in Dodging
   989 | D        | Reached skill level 12 in Shields
  1211 | D        | Noticed a komodo dragon
  1220 | D        | Reached XP level 9. HP: 83/85 MP: 8/8
  1234 | D        | Killed a komodo dragon
  1273 | D        | Reached *** piety under Okawaru
  1273 | D        | Reached skill level 13 in Shields
  1509 | D        | Noticed an elephant
  1509 | D        | Noticed an orc knight
  1529 | D        | Killed an orc knight
  1529 | D        | Reached **** piety under Okawaru
  1529 | D        | Reached skill level 14 in Shields
  1538 | D        | Killed an elephant
  1542 | D        | Reached XP level 10. HP: 44/95 MP: 9/9
  1775 | D        | Reached skill level 1 in Invocations
  1786 | D        | Reached skill level 15 in Shields
  1825 | D        | Noticed an elephant
  1825 | D        | Noticed an elephant
  1825 | D        | Noticed an elephant
  1825 | D        | Noticed an elephant
  1833 | D        | Killed an elephant
  1842 | D        | Killed an elephant
  1842 | D        | Reached ***** piety under Okawaru
  1842 | D        | Reached skill level 10 in Axes
  1844 | D        | Killed an elephant
  1844 | D        | Reached skill level 16 in Shields
  1847 | D        | Killed an elephant
  2014 | D        | Noticed an orc sorcerer
  2015 | D        | Noticed an orange demon
  2020 | D        | Killed an orc sorcerer
  2028 | D        | Killed an orange demon
  2033 | D        | Noticed a wolf spider
  2039 | D        | Killed a wolf spider
  2039 | D        | Reached XP level 11. HP: 97/105 MP: 3/11
  2089 | D        | Gained mutation: You are clumsy. (Dex -2) [mutagenic meat]
  2090 | D        | Gained mutation: Your natural rate of healing is unusually fast. [mutagenic meat]
  2091 | D        | Gained mutation: You are partially covered in rugged brown scales (AC +1, +3% HP). [mutagenic meat]
  2093 | D        | Gained mutation: Your magical capacity is low (-10% MP). [mutagenic meat]
  2221 | D        | Got the ring of the Hero {EV+2 Str+5 Dex+4}
  2278 | D        | Noticed a deep elf mage
  2284 | D        | Killed a deep elf mage
  2284 | D        | Reached skill level 17 in Shields
  2297 | D        | Noticed a six-headed hydra
  2302 | D        | Killed a nine-headed hydra
  2312 | D        | Received a gift from Okawaru
  2467 | D        | Noticed a merfolk javelineer
  2469 | D        | Noticed Ilsuiw
  2488 | D        | Killed Ilsuiw
  2488 | D        | Received a gift from Okawaru
  2504 | D        | Killed a merfolk javelineer
  2516 | D        | Got a pair of faintly humming boots {god gift}
  2585 | D        | Identified the +0 pair of boots of the Forsaken Souls {rPois MP-9 Str+7 Dex-5} (Okawaru gifted it to you in the Dungeon)
  2604 | D        | Noticed a seven-headed hydra
  2611 | D        | Killed a ten-headed hydra
  2611 | D        | Reached skill level 18 in Shields
  2612 | D        | Reached skill level 5 in Invocations
  2617 | D        | Noticed a spriggan defender
  2617 | D        | Noticed an orc knight
  2617 | D        | Noticed an orc knight
  2617 | D        | Noticed an orc knight
  2617 | D        | Noticed an orc knight
  2618 | D        | Noticed an orc knight
  2618 | D        | Noticed an orc knight
  2618 | D        | Noticed an orc warlord
  2618 | D        | Noticed an orc warlord
  2618 | D        | Noticed an orc knight
  2619 | D        | Noticed an orc knight
  2626 | D        | Killed an orc warlord
  2627 | D        | Killed an orc knight
  2627 | D        | Reached ****** piety under Okawaru
  2627 | D        | Killed an orc knight
  2627 | D        | Reached XP level 12. HP: 66/121 MP: 1/13
  2627 | D        | Reached skill level 15 in Fighting
  2635 | D        | Reached skill level 15 in Axes
  2635 | D        | Reached skill level 15 in Armour
  2636 | D        | Slain by an orc knight

Skill      XL: |  1  2  3  4  5  6  7  8  9 10 11 12 |
---------------+-------------------------------------+-----
Fighting       | 4 5 6 7 8 9 10 11 12 14 15 | 15.2
Armour         | 4 5 6 7 9 10 11 12 13 14 15 | 15.0
Shields        | 4 5 6 7 8 9 10 12 14 16 18 | 18.7
Axes           | 3 4 5 6 8 11 14 15 | 15.1
Dodging        | 1 2 5 7 9 11 13 14 | 14.1
Stealth        | 1 2 3 4 |  4.0
Invocations    | 2 5 |  5.8

Action                   |  1- 3 |  4- 6 |  7- 9 | 10-12 || total
-------------------------+-------+-------+-------+-------++-------
Melee: War axe           |    17 |       |       |       ||    17
       Hand axe          |    10 |    59 |   106 |       ||   175
       Headbutt          |     2 |     7 |    32 |    49 ||    90
       Broad axe         |       |       |       |   168 ||   168
Invok: Heroism           |       |       |     1 |     3 ||     4
       Finesse           |       |       |       |     4 ||     4
  Use: Potion            |       |     6 |     7 |     9 ||    22
       Scroll            |       |     1 |       |       ||     1
 Stab: Invisible         |       |     1 |       |       ||     1
  Eat: Meat ration       |       |       |     1 |       ||     1
       Chunk             |       |       |       |     8 ||     8
Armor: Scale mail        |    11 |    79 |       |       ||    90
       Ring mail         |       |       |    29 |       ||    29
       Plate armour      |       |       |       |    68 ||    68
Dodge: Dodged            |    11 |    43 |    88 |   124 ||   266
Block: Shield            |    17 |    52 |   100 |   175 ||   344
